 Dungeon Crawl Stone Soup version 0.18-a0-1203-gbde16db (webtiles) character file.

1194 Oddball22 the Sneak (level 8, -2/39 HPs)
             Began as a Vine Stalker Artificer on Feb 1, 2016.
             Was a Follower of Pakellas.
             Slain by a mummy (10 damage)
             ... in an ossuary.
             The game lasted 00:13:39 (4245 turns).

Oddball22 the Sneak (Vine Stalker Artificer)        Turns: 4245, Time: 00:13:39

Health: -2/39      AC:  8    Str: 14    XL:     8   Next: 44%
Magic:  0/14       EV: 14    Int: 12    God:    Pakellas [*.....]
Gold:   281        SH:  0    Dex: 17    Spells: 0 memorised, 14 levels left

rFire  . . .     SeeInvis .     w - +3 quarterstaff (chaos)
rCold  . . .     Gourm    .     b - +0 leather armour
rNeg   . . .     Faith    .     (shield currently unavailable)
rPois  .         Spirit   +     (no helmet)
rElec  .         Dismiss  .     x - +1 cloak
rCorr  .         Reflect  .     (no gloves)
SustAt .         Harm     .     (no boots)
MR     +....                    (no amulet)
Stlth  +++.......               (no ring)
                                n - +3 ring of protection

@: somewhat resistant to hostile enchantments, fairly stealthy
A: fangs 3, regeneration 2, magic shield, antimagic bite, no device heal 3, rot
immunity
a: Quick Charge, Renounce Religion


You were in an ossuary.
You worshipped Pakellas.
Pakellas was aware of your devotion.
You were not hungry.

You visited 2 branches of the dungeon, and saw 7 of its levels.
You also visited: Ossuary.

You collected 281 gold pieces.

Inventory:

Hand Weapons
 w - a +3 quarterstaff of chaos (weapon)
 H - a +1 dagger of draining
 J - the +3 trident of Departure {venom, Int+4}
   (You found it on level 5 of the Dungeon)

   It poisons the flesh of those it strikes.
   It affects your intelligence (+4).
Armour
 b - a +0 leather armour (worn)
 x - a +1 cloak (worn)
Jewellery
 n - a +3 ring of protection (left hand)
Wands
 a - a wand of slowing (9/48)
 c - a wand of flame (14/48)
 d - a wand of enslavement (15/24)
 e - a wand of random effects (14/48)
 y - a wand of paralysis (11/24)
 B - a wand of confusion (0/48)
Scrolls
 h - 4 scrolls of identify
 i - 3 scrolls of teleportation {unknown}
 k - 2 scrolls of magic mapping {unknown}
 t - 8 scrolls of remove curse
 u - a scroll of fear {unknown}
 v - a scroll of recharging {unknown}
 z - a scroll of amnesia {unknown}
 E - a scroll of blinking {unknown}
Potions
 g - a potion of cure mutation {unknown}
 l - a potion of agility {unknown}
 p - a potion of invisibility {unknown}
 r - 3 potions of mutation {unknown}
 s - a potion of ambrosia {unknown}
 A - a potion of heal wounds {unknown}
 D - a potion of lignification {unknown}
 I - a potion of magic {unknown}
 K - a potion of curing {unknown}
Books
 C - a book of Clouds

   Spells                             Type                      Level
   a - Mephitic Cloud                 Conjuration/Poison/Air       3
   b - Conjure Flame                  Conjuration/Fire             3
   c - Poisonous Cloud                Conjuration/Poison/Air       6
   d - Freezing Cloud                 Conjuration/Ice/Air          6
   e - Ring of Flames                 Charms/Fire                  7
Comestibles
 f - 7 bread rations
 j - 4 meat rations
 m - 2 beef jerkies
 o - a slice of pizza
 q - 3 chunks of flesh
 G - 4 fruits


   Skills:
 - Level 2.0 Fighting
 - Level 2.9 Short Blades
 + Level 4.2 Dodging
 * Level 7.0 Stealth
 + Level 3.5 Spellcasting
 + Level 4.3 Evocations


You had 14 spell levels left.
You didn't know any spells.

Dungeon Overview and Level Annotations

Branches:
Dungeon (6/15)             Temple (1/1) D:5

Altars:
Ashenzari
Dithmenos
Elyvilon
Fedhas
Gozag
Pakellas
Qazlal
Sif Muna
Vehumet
The Shining One

Annotations:
D:3 exclusion: oklob plant


Innate Abilities, Weirdness & Mutations

You have razor-sharp teeth.
You heal very quickly.
When hurt, damage is shared between your health and your magic reserves.
Your bite disrupts and absorbs the magic of your enemies.
Potions and wands cannot restore your health.
You are immune to rotting.


Message History

You bite the mummy, but do no damage.
The mummy is heavily damaged.
The mummy hits you. The gnoll zombie closely misses you.
The orc zombie misses you.
You hit the mummy. You freeze the mummy. You bite the mummy, but do no damage.
The mummy is severely damaged.
The gnoll zombie barely misses you. The mummy hits you!
You thump the mummy!
You destroy the mummy!
Pakellas accepts your kill. The gnoll zombie hits you.
You closely miss the mummy.
The gnoll zombie hits you but does no damage.
The hobgoblin zombie hits you. The mummy hits you!
* * * LOW HITPOINT WARNING * * *
You hit the mummy.
The mummy is moderately damaged.
The gnoll zombie barely misses you. The hobgoblin zombie barely misses you.
The mummy hits you!
You die...

#........#
#......#
#....#
#....#
#....#
#....#
#.Z..#
#MZZ.#
#.@..#
#....#
#.∩∩.#
######


You could see a mummy, a hobgoblin zombie, a gnoll zombie and an orc zombie.

Vanquished Creatures
  The ghost of Oddball22 the Sneak, an amateur VSAr of Pakellas (D:3)
  A sky beast (D:5)
  2 phantoms (D:4)
  An ice beast (D:5)
  A centaur (D:5)
  A giant frog (D:5)
  2 crimson imps
  Crazy Yiuf (D:2)
  A hound (D:4)
  A centaur skeleton (D:6)
  A jelly (D:5)
  Jessica (D:3)
  An orc wizard (D:5)
  2 worker ants (D:5)
  2 mummies (Ossuary)
  4 gnolls
  2 worker ant zombies (D:6)
  11 adders
  2 oozes
  7 worms
  2 giant geckos
  9 orcs
  4 bats (D:1)
  8 giant cockroaches
  6 goblins
  11 hobgoblins
  6 jackals
  5 kobolds
  2 quokkas
  2 giant gecko skeletons (D:4)
  A giant newt (D:5)
  A gnoll zombie (Ossuary)
  3 kobold zombies (Ossuary)
  A quokka skeleton (D:5)
  6 rats
  8 plants (D:3)
120 creatures vanquished.

Vanquished Creatures (others)
  18 toadstools (D:3)
18 creatures vanquished.

Grand Total: 138 creatures vanquished

Notes
Turn   | Place    | Note
--------------------------------------------------------------
     0 | D:1      | Oddball22 the Vine Stalker Artificer began the quest for the Orb.
     0 | D:1      | Reached XP level 1. HP: 9/9 MP: 3/3
    21 | D:1      | Reached skill level 1 in Short Blades
   175 | D:1      | Reached skill level 1 in Fighting
   190 | D:1      | Reached XP level 2. HP: 14/14 MP: 5/5
   616 | D:1      | Reached XP level 3. HP: 18/18 MP: 6/6
   849 | D:2      | Found a faded altar to an unknown god.
   962 | D:2      | Reached XP level 4. HP: 22/22 MP: 7/7
  1553 | D:2      | Noticed Crazy Yiuf
  1577 | D:2      | Killed Crazy Yiuf
  1757 | D:3      | Reached XP level 5. HP: 16/26 MP: 4/8
  2028 | D:3      | Noticed Oddball22's ghost (amateur VSAr)
  2033 | D:3      | Killed Oddball22's ghost
  2033 | D:3      | Reached skill level 3 in Dodging
  2033 | D:3      | Reached skill level 1 in Spellcasting
  2033 | D:3      | Gained mutation: You heal very quickly. [Vine Stalker growth]
  2033 | D:3      | Reached XP level 6. HP: 30/30 MP: 9/9
  2060 | D:3      | Noticed Jessica
  2082 | D:3      | Killed Jessica
  2181 | D:3      | Found a blossoming altar of Fedhas.
  2195 | D:3      | Noticed an oklob plant
  2542 | D:4      | Noticed a phantom
  2787 | D:4      | Noticed a phantom
  2849 | D:4      | Killed a phantom
  2982 | D:4      | Reached skill level 4 in Stealth
  2982 | D:4      | Reached XP level 7. HP: 30/35 MP: 7/11
  3209 | D:5      | Entered Level 5 of the Dungeon
  3373 | D:5      | Found a staircase to the Ecumenical Temple.
  3379 | Temple   | Entered the Ecumenical Temple
  3396 | Temple   | Became a worshipper of Pakellas the Inventive
  3487 | D:5      | Reached skill level 5 in Stealth
  3532 | D:5      | Gained mutation: You have razor-sharp teeth. [Vine Stalker growth]
  3532 | D:5      | Reached XP level 8. HP: 33/39 MP: 9/13
  3700 | D:5      | Got a bloodstained trident
  3704 | D:5      | Identified the +3 trident of Departure {venom, Int+4} (You found it on level 5 of the Dungeon)
  3731 | D:5      | Reached skill level 6 in Stealth
  4127 | D:5      | Reached * piety under Pakellas
  4180 | D:6      | Reached skill level 7 in Stealth
  4199 | D:6      | Found a sand-covered staircase.
  4205 | Ossuary  | Entered an ossuary
  4245 | Ossuary  | Slain by a mummy

Vault maps used:
D:1:      minmay_arrival_cross
D:2:      ecumenical_altar_2, uniq_crazy_yiuf_cottage
D:3:      tgw_fedhas, uniq_jessica
D:5:      minmay_temple_entry_hall, first_bread
D:6:      serial_undead, serial_undead_f, serial_undead_b, serial_undead_c,
          serial_undead_a, serial_undead_a, serial_undead_f,
          nicolae_ossuary_entry_plus
Temple:   grunt_circular_temple_18
Ossuary:  ossuary_tomb_3

Action                   |  1- 3 |  4- 6 |  7- 9 || total
-------------------------+-------+-------+-------++-------
Melee: Short sword       |    92 |       |       ||    92
       Rapier            |     4 |    35 |       ||    39
       Quarterstaff      |       |   224 |   135 ||   359
       Trident           |       |       |    13 ||    13
Evoke: Wand              |     1 |     5 |       ||     6
  Use: Scroll            |       |       |     2 ||     2
 Stab: Sleeping          |     2 |     3 |     6 ||    11
       Confused          |       |     1 |     1 ||     2
       Distracted        |       |       |     1 ||     1
  Eat: Chunk             |       |     5 |     5 ||    10
       Pizza             |       |     1 |       ||     1
